 Dungeon Crawl Stone Soup version 0.29.1-12-g30fa7ad0bf (webtiles) character file.

Game seed: 8995266924370845838

4508 cheesebisquit the Severer (level 10, -1/84 HPs)
             Began as a Minotaur Berserker on Dec 24, 2022.
             Was a Believer of Trog.
             Slain by a catoblepas (10 damage)
             ... while petrified by a catoblepas
             ... on level 9 of the Dungeon.
             The game lasted 00:35:16 (8981 turns).

cheesebisquit the Severer (Minotaur Berserker)      Turns: 8981, Time: 00:35:17

Health: -1/84      AC: 16    Str: 26    XL:     10   Next: 16%
Magic:  9/9        EV:  2    Int:  4    God:    Trog [**....]
Gold:   671        SH:  0    Dex: 16    Spells: 9/9 levels left

rFire   . . .      SeeInvis .   a - +3 hand axe
rCold   . . .      Faith    .   (no shield)
rNeg    + + +      Spirit   .   H - +1 plate armour
rPois   ∞          Reflect  .   (helmet restricted)
rElec   .          Harm     .   (no cloak)
rCorr   .          Rampage  .   B - +1 pair of gloves
Will    .....                   (no boots)
Stlth   ..........              (no amulet)
HPRegen 0.24/turn               v - +6 ring of dexterity
MPRegen 0.11/turn               (no ring)

@: petrified
A: horns 2, retaliatory headbutt
a: Renounce Religion, Berserk, Trog's Hand


You were on level 9 of the Dungeon.
You worshipped Trog.
Trog was pleased with you.
You visited 1 branch of the dungeon, and saw 9 of its levels.

You collected 671 gold pieces.

Inventory:

Hand Weapons
 a - a +3 hand axe (weapon)
 b - a +0 sling
 i - a +0 battleaxe
 s - the +4 sling of Exhibitionism {speed, rC- Str+4 Stlth+}
   (You found it on level 2 of the Dungeon)

   Attacks with this weapon are significantly faster.
   Str:       It affects your strength (+4).
   rC:        It makes you vulnerable to cold.
   Stlth:     It makes you more stealthy.
 t - a +3 morningstar
Missiles
 c - 93 stones
 d - 21 poisoned darts (quivered)
 j - 4 atropa-tipped darts
 E - 3 curare-tipped darts
Armour
 B - a +1 pair of gloves (worn)
 H - a +1 plate armour (worn)
Jewellery
 v - a +6 ring of dexterity (left hand)
Wands
 r - a wand of charming (10)
 F - a wand of polymorph (7)
 I - a wand of roots (24)
 L - a wand of quicksilver (7)
Scrolls
 g - a scroll of vulnerability {unknown}
 p - 2 scrolls of magic mapping
 x - 3 scrolls of immolation
 y - 4 scrolls of teleportation
 C - 3 scrolls of noise {unknown}
 D - a scroll of fog {unknown}
 G - a scroll of enchant weapon {unknown}
 K - a scroll of identify
Potions
 e - 2 potions of magic
 h - a potion of resistance {unknown}
 k - 2 potions of cancellation
 l - a potion of attraction {unknown}
 m - 2 potions of ambrosia {unknown}
 n - a potion of heal wounds
 o - a potion of might {unknown}
 q - 2 potions of mutation {unknown}
 u - 2 potions of flight {unknown}
 w - a potion of berserk rage {unknown}
 z - 2 potions of lignification {unknown}
 A - 2 potions of curing


   Skills:
 + Level 6.6 Fighting
 - Level 15.0 Axes
 + Level 6.0 Armour
 + Level 5.5 Dodging


You had 9 spell levels left.
You didn't know any spells.
Your spell library was empty.

Dungeon Overview and Level Annotations

Branches:
Dungeon (9/15)             Temple (0/1) D:4
   Lair: D:8-11         Orc: D:9-12

Altars:
Ashenzari
Elyvilon
Qazlal
Trog
Yredelemnul


Innate Abilities, Weirdness & Mutations

You have a pair of horns on your head.
You reflexively headbutt those who attack you in melee.


Message History

The blast of calcifying dust hits you but does no damage.
As you read the scroll of teleportation, it crumbles to dust.
You feel strangely unstable.
You are engulfed in calcifying dust.
You are slowing down.
Your surroundings suddenly seem different.
You have turned to stone.
You feel yourself speed up.
You turn to flesh and can move again.
You recover from your berserk rage.
Items here: ( ))) [.
A catoblepas is nearby!
The catoblepas bellows!
The catoblepas breathes a plume of calcifying dust at you.
The blast of calcifying dust hits you.
* * * LOW HITPOINT WARNING * * *
You are engulfed in calcifying dust.
Okay, then.
Okay, then.
You feel much better.
You are engulfed in calcifying dust.
The catoblepas breathes a plume of calcifying dust at you.
The blast of calcifying dust hits you.
You are engulfed in calcifying dust.
The catoblepas breathes a plume of calcifying dust at you.
The blast of calcifying dust hits you but does no damage.
The catoblepas breathes a plume of calcifying dust at you.
The blast of calcifying dust hits you!
You are engulfed in calcifying dust.
You are slowing down.
Your limbs are stiffening.
You have turned to stone.
The catoblepas gores you!
* * * LOW HITPOINT WARNING * * *
The catoblepas roars fiercely, eyes lowered.
The catoblepas gores you!
* * * LOW HITPOINT WARNING * * *
The catoblepas gores you!
* * * LOW HITPOINT WARNING * * *
The catoblepas gores you but does no damage.
The catoblepas gores you!!
You die...

#Y# ...... #.# ......
#.# ########### #.#
#......#### #§#
#.........# #§#
#.........# #§#
#.........#
####.########.........#
#....Y@...............#
###################...#
.#...#
###########.#...#
..........#.#...#
........#.#.#...#
#######.#.#.#...#
........#.#.#....
.......<#...#....


You could see a catoblepas.

Vanquished Creatures
  A two-headed ogre (D:8)
  Maggie (D:7)
  An unseen horror (D:8)
  6 yaks (D:9)
  A water moccasin (D:6)
  An orc warrior (D:6)
  3 ice beasts
  2 black bears
  An ogre (D:6)
  A centaur (D:9)
  3 kobold brigands (D:6)
  2 bullfrogs
  2 necrophages
  5 wights (D:7)
  5 killer bees (D:8)
  A howler monkey (D:8)
  10 orc priests
  Ijyb (D:5)
  An iguana (D:5)
  4 orc wizards
  4 gnolls (D:3)
  8 adders
  2 shadow imps
  An ufetubus (D:5)
  3 worms
  A dart slug (D:3)
  35 orcs
  8 ball pythons
  6 endoplasms
  6 giant cockroaches
  4 goblins
  8 hobgoblins
  3 jackals
  4 quokkas
  3 bats (D:1)
  3 frilled lizards
  17 kobolds
  5 rats
173 creatures vanquished.

Vanquished Creatures (others)
  2 plants (D:1)
  4 toadstools (D:1)
6 creatures vanquished.

Grand Total: 179 creatures vanquished

Notes
Turn   | Place    | Note
-------+----------+-------------------------------------------
     0 | D:1      | cheesebisquit the Minotaur Berserker began the quest for
                  | the Orb.
     0 | D:1      | Reached XP level 1. HP: 19/19 MP: 0/0
   696 | D:1      | Reached XP level 2. HP: 27/27 MP: 1/1
  1170 | D:2      | Reached skill level 4 in Axes
  1187 | D:2      | Reached XP level 3. HP: 29/33 MP: 2/2
  1192 | D:2      | Reached ** piety under Trog
  1701 | D:2      | Identified the +4 sling of Exhibitionism {speed, rC- Str+4
                  | Stlth+}
  1899 | D:3      | Reached XP level 4. HP: 19/41 MP: 3/3
  2102 | D:3      | Found a glowing drain.
  2216 | D:3      | Reached skill level 5 in Axes
  2229 | D:3      | Reached XP level 5. HP: 40/47 MP: 4/4
  2635 | D:3      | Reached skill level 6 in Axes
  3202 | D:4      | Found a broken altar of Ashenzari.
  3213 | D:4      | Found a staircase to the Ecumenical Temple.
  3309 | D:4      | Reached XP level 6. HP: 50/53 MP: 5/5
  3469 | D:4      | Reached skill level 7 in Axes
  3892 | D:5      | Entered Level 5 of the Dungeon
  3920 | D:5      | Reached skill level 8 in Axes
  4128 | D:5      | Reached XP level 7. HP: 60/60 MP: 6/6
  4147 | D:5      | Found a stormy altar of Qazlal.
  4181 | D:5      | Noticed Ijyb
  4192 | D:5      | Killed Ijyb
  4539 | D:6      | Reached skill level 9 in Axes
  4666 | D:6      | Reached skill level 10 in Axes
  5047 | D:6      | Reached skill level 11 in Axes
  5047 | D:6      | Reached XP level 8. HP: 67/67 MP: 7/7
  5510 | D:6      | Found a white marble altar of Elyvilon.
  5510 | D:6      | Found a bloodstained altar of Trog.
  5578 | D:6      | Reached skill level 12 in Axes
  5579 | D:6      | Reached *** piety under Trog
  6683 | D:7      | Noticed Maggie
  6701 | D:7      | Killed Maggie
  6702 | D:7      | Reached skill level 13 in Axes
  6716 | D:7      | Reached XP level 9. HP: 60/71 MP: 8/8
  7189 | D:8      | Noticed a two-headed ogre
  7201 | D:8      | Reached skill level 14 in Axes
  7205 | D:8      | Killed a two-headed ogre
  7206 | D:8      | Reached skill level 15 in Axes
  7391 | D:8      | Reached skill level 5 in Fighting
  7747 | D:8      | Found a basalt altar of Yredelemnul.
  7796 | D:8      | Killed an unseen horror
  8108 | D:8      | Reached skill level 5 in Armour
  8471 | D:9      | Reached XP level 10. HP: 83/83 MP: 9/9
  8476 | D:9      | Reached skill level 5 in Dodging
  8731 | D:9      | Identified the +1 ring mail of the Serpent {Str+2}
  8829 | D:9      | Noticed a catoblepas
  8981 | D:9      | Slain by a catoblepas

Illustrated notes

Levels and vault maps discovered:
D:1:      ldierk_water_garden, layout_loops_corners, serial_bayou,
          serial_bayou_lagoon_a, serial_bayou_pond_e, serial_bayou_pond_d,
          serial_bayou_pond_b
D:2:      layout_loops_ring, grunt_decor_clamped, grunt_ministairs_6
D:3:      layout_basic, cheibrodos_sewer_entry_drain, minmay_mini_jars
D:4:      layout_basic, nicolae_ashenzari_skybound, minmay_temple_entry_wispy
D:5:      layout_cave_pools, amcnicky_altar_gilded, uniq_ijyb
D:6:      layout_layer_cave, amethyst_overflow_temple_binary
D:7:      layout_basic, minmay_misc_feat_roman, uniq_maggie
D:8:      layout_cave_pods, old_standard_altar, nicolae_figureground_sparkle
D:9:      layout_basic, dpeg_oklobed_lair

Skill      XL: |  1  2  3  4  5  6  7  8  9 10 |
---------------+-------------------------------+-----
Fighting       | 4 6 |  6.6
Axes           | 4 5 6 8 11 13 15 | 15.0
Armour         | 3 5 6 |  6.0
Dodging        | 3 4 5 |  5.5

Action                   |  1- 3 |  4- 6 |  7- 9 | 10-12 || total
-------------------------+-------+-------+-------+-------++-------
Melee: Hand axe          |   100 |   138 |   238 |    41 ||   517
       Headbutt          |    10 |    26 |    52 |    10 ||    98
       Punch             |       |     1 |     3 |       ||     4
Invok: Berserk           |     1 |     3 |    11 |     1 ||    16
       Trog's Hand       |     1 |     3 |     9 |     3 ||    16
  Use: Scroll            |       |       |    12 |     2 ||    14
       Potion            |       |       |       |     6 ||     6
Armor: Animal skin       |     4 |       |       |       ||     4
       Chain mail        |    46 |    65 |       |       ||   111
       Plate armour      |       |       |   124 |    36 ||   160
Dodge: Dodged            |    41 |    68 |    78 |     9 ||   196
